 Dungeon Crawl Stone Soup version 0.20.1-1-g8b1a95d (webtiles) character file.

469 letownia2 the Reanimator (level 6, -4/49 HPs)
             Began as a Deep Dwarf Necromancer on Dec 10, 2017.
             Killed by divine providence
             ... invoked by an orc priest
              (14 damage)
             ... on level 5 of the Dungeon.
             The game lasted 00:06:59 (2033 turns).

letownia2 the Reanimator (Deep Dwarf Necromancer)   Turns: 2033, Time: 00:07:00

Health: -4/49      AC:  6    Str: 14    XL:     6   Next: 82%
Magic:  4/9        EV: 11    Int: 17    God:
Gold:   87         SH:  0    Dex: 13    Spells: 5/9 levels left

rFire    . . .     SeeInvis .   b - +10 spear "Rufrets" {protect, +Rage rC+ Str+2}
rCold    + . .     Gourm    .   (no shield)
rNeg     . . .     Faith    .   h - +0 ring mail
rPois    .         Spirit   .   u - +1 hat
rElec    .         Reflect  .   (no cloak)
rCorr    .         Harm     .   (no gloves)
MR       .....                  (no boots)
Stlth    +.........             (no amulet)
Regen    0.0/turn               (no ring)
MPRegen  0.2/turn               (no ring)

@: non-regenerating
A: damage resistance, heal wounds, sense surroundings 1, no regeneration
a: Heal Wounds, Evoke Berserk Rage


You were on level 5 of the Dungeon.
You were not hungry.

You visited 1 branch of the dungeon, and saw 5 of its levels.

You collected 87 gold pieces.

Inventory:

Hand Weapons
 a - a +1 whip of venom
 b - the +10 spear "Rufrets" (weapon) {protect, +Rage rC+ Str+2}
   (You took it off a gnoll shaman on level 3 of the Dungeon)

   It protects the one who uses it against injury (+AC on strike).
   It affects your strength (+2).
   It protects you from cold.
   It lets you go berserk.
 m - a +0 vampiric halberd
 q - a +6 hand axe
 v - a +0 war axe
Missiles
 d - 15 bolts
 t - a throwing net (quivered)
Armour
 h - a +0 ring mail (worn)
 j - a +0 scale mail
 u - a +1 hat (worn)
Scrolls
 g - a scroll of enchant armour {unknown}
 k - a scroll of teleportation {unknown}
 n - 3 scrolls of identify {unknown}
 o - 2 scrolls of remove curse {unknown}
 s - 2 scrolls of fear {unknown}
 y - a scroll of magic mapping {unknown}
 z - a scroll of noise {unknown}
 A - a scroll of random uselessness {unknown}
Potions
 e - 2 potions of ambrosia {unknown}
 f - a potion of degeneration {unknown}
 l - a potion of berserk rage {unknown}
 w - a potion of resistance {unknown}
 x - a potion of curing {unknown}
Books
 r - a book of Necromancy

   Spells                             Type                      Level
   a - Pain                           Necromancy                   1
   b - Animate Skeleton               Necromancy                   1
   c - Vampiric Draining              Necromancy                   3
   d - Regeneration                   Charms/Necromancy            3
   e - Animate Dead                   Necromancy                   4
   f - Control Undead                 Necromancy                   4
Comestibles
 c - 2 bread rations
 i - a chunk of flesh
 p - a royal jelly


   Skills:
 - Level 2.1 Dodging
 - Level 2.4 Stealth
 - Level 2.2 Spellcasting
 + Level 8.9 Necromancy


You had 5 spell levels left.
You knew the following spells:

 Your Spells              Type           Power        Failure   Level  Hunger
a - Pain                  Necr           ####         1%          1    #......
v - Vampiric Draining     Necr           ####......   3%          3    ###....


Dungeon Overview and Level Annotations

Branches:
Dungeon (5/15)
 Temple: D:4-7

Altars:
Makhleb
Xom

Shops:
D:5 ?

Annotations:
D:3 schauveau's ghost, weakling HOMo


Innate Abilities, Weirdness & Mutations

You are resistant to damage.
You can heal yourself by infusing magical energy.
You passively map a small area around you.
You do not regenerate.


Message History

Beogh smites you!
Unknown command.
You closely miss the orc. The orc closely misses you.
The orc hits you with a whip. The orc hits you but does no damage.
Unknown command.
The orc hits you with a club.
The orc priest mumbles some strange prayers to Beogh against you.
Beogh smites you!
* * * LOW HITPOINT WARNING * * *
Casting: Vampiric Draining
Confirm with . or Enter, or press ? or * to list all spells.
Aiming: Vampiric Draining
Press: ? - help, Shift-Dir - straight line, f - orc
Aim: an orc, wielding a whip and wearing a leather armour You kill the orc!
You feel life coursing into your body.
Unknown command.
The orc priest invokes the aid of Beogh against you.
Beogh smites you!
You die... * * , .... , * #.. **** * * * #.. #### *,* #oo

..# * #.#**#.#
,, #.# #@# # *
** #.# #.# .# ##
#.####o###.#####
.### *+*
##....oo....>...
...# ,,
#...).....#....
* .###,, ,
#########.##%##
.# * _, #...# ,
)# ,, ##.## , +*
.### , ### #.##
, *


You could see an orc priest and 2 orcs.

Vanquished Creatures
  Menkaure (D:5)
  A gnoll shaman (D:3)
  An orc priest (D:4)
  A hound (D:4)
  4 worker ants
  An orc wizard (D:5)
  A hound skeleton (D:4)
  3 adders
  5 gnolls
  A shadow imp (D:5)
  2 leopard geckos
  10 orcs
  A giant cockroach (D:2)
  A hobgoblin (D:1)
  2 jackals
  4 kobolds
  A quokka (D:4)
  2 goblins (D:3)
  A jackal skeleton (D:4)
43 creatures vanquished.

Notes
Turn   | Place    | Note
-------+----------+-------------------------------------------
     0 | D:1      | letownia2 the Deep Dwarf Necromancer began the quest for the Orb.
     0 | D:1      | Reached XP level 1. HP: 15/15 MP: 3/3
   197 | D:2      | Reached XP level 2. HP: 17/22 MP: 0/5
   391 | D:2      | Found a shimmering altar of Xom.
   392 | D:2      | Found a burning altar of Makhleb.
   577 | D:3      | Noticed schauveau's ghost (weakling HOMo)
   600 | D:4      | Reached skill level 5 in Necromancy
   631 | D:4      | Reached XP level 3. HP: 9/28 MP: 0/6
   639 | D:4      | Learned a level 3 spell: Vampiric Draining
   771 | D:4      | Reached XP level 4. HP: 15/36 MP: 2/7
   837 | D:4      | Reached skill level 6 in Necromancy
  1110 | D:4      | Reached XP level 5. HP: 36/42 MP: 4/8
  1182 | D:3      | Reached skill level 7 in Necromancy
  1184 | D:3      | Got a fine spear {protect}
  1189 | D:3      | Identified the +10 spear "Rufrets" {protect, +Rage rC+ Str+2} (You took it off a gnoll shaman on level 3 of the Dungeon)
  1573 | D:4      | Reached XP level 6. HP: 24/49 MP: 2/9
  1815 | D:5      | Entered Level 5 of the Dungeon
  1818 | D:5      | Reached skill level 8 in Necromancy
  1939 | D:5      | Noticed a sky beast
  1960 | D:5      | Found Xoes Gull's Magic Scroll Shoppe.
  1960 | D:5      | Noticed Menkaure
  1985 | D:5      | Killed Menkaure
  2033 | D:5      | Killed from afar by an orc priest

Skill      XL: |  1  2  3  4  5  6 |
---------------+-------------------+-----
Spellcasting   | 2 |  2.2
Necromancy     | 5 6 7 8 |  8.9
Dodging        | |  2.1
Stealth        | |  2.4

Action                   |  1- 3 |  4- 6 || total
-------------------------+-------+-------++-------
Melee: Unarmed           |     2 |       ||     2
       Dagger            |       |    23 ||    23
       Whip              |       |    13 ||    13
       Spear             |       |    33 ||    33
 Cast: Pain              |    27 |     4 ||    31
       Vampiric Draining |     1 |    26 ||    27
  Eat: Chunk             |       |     7 ||     7
Armor: Ring mail         |     6 |    29 ||    35
       Robe              |     2 |       ||     2
Dodge: Dodged            |    16 |    59 ||    75
